Map: Invader LE

Players

TICTAC

  • Race: Zerg Zerg
  • League: Gold
  • Spawn Location: 7:00

Fropez - Winner!

  • Race: Protoss Protoss
  • League: Silver
  • Spawn Location: 5:00

VOD

Have the link to the VOD?

Description

Time

  • Played on: July 8, 2016, 11:04 a.m.
  • Length: 20:06
Show
View Real Time Build Order
Export as new Build Order

TICTAC Zerg 

Build Orders: Pool First 

Get SALT Encoding   

  12  0:02  Drone  
  13  0:11  Drone  
  14  0:22  Extractor x2, Drone  
  14  0:23  Drone  
  16  0:36  Spawning Pool  
  16  0:42  Extractor x2  
  13  0:43  Drone  
  13  0:49  Overlord  
  16  1:13  Hatchery  
  15  1:23  Zergling x2  
  15  1:24  Zergling x4  
  18  1:30  Queen  
  20  1:35  Zergling x2  
  21  1:50  Extractor, Overlord  
  20  1:57  Drone  
  21  2:07  Queen  
  23  2:19  Drone  
  23  2:20  Drone  
  25  2:25  Overlord  
  25  2:34  Drone  
  26  2:40  Roach Warren  
  23  3:12  Extractor  
  22  3:16  Drone  
  22  3:17  Drone x5  
  28  3:26  Drone  
  29  3:38  Drone x7  
  29  3:41  Overlord  
  36  3:52  Overlord  
  36  4:01  Roach  
  36  4:02  Roach x2  
  42  4:07  Roach x2  
  46  4:16  Overlord  
  46  4:18  Roach  
  46  4:19  Roach x2  
  52  4:36  Roach x5  
  62  4:46  Overlord  
  62  4:49  Drone  
  62  4:50  Roach x2  
  67  5:05  Overlord  
  67  5:08  Roach  
  67  5:09  Roach x2  
  73  5:23  Roach  
  75  5:48  Spore Crawler  
  74  5:50  Spore Crawler  
  75  6:06  Overlord x2  
  75  6:19  Overlord x2  
  75  6:23  Queen, Lair  
  75  6:58  Spore Crawler  
  72  7:17  Ravager x3  
  72  7:18  Ravager  
  72  7:20  Ravager x2  
  78  7:32  Hydralisk Den  
  51  8:23  Hydralisk  
  51  8:24  Hydralisk x11  
  59  8:47  Drone  
  60  8:49  Zergling x2  
  60  8:50  Zergling x6  
  60  8:54  Metabolic Boost  
  64  9:23  Hatchery  
  64  9:24  Zergling x10  
  64  9:25  Zergling x2  
  69  9:33  Muscular Augments  
  69  9:34  Evolution Chamber  
  69  9:38  Drone x2  
  70  9:55  Hydralisk  
  70  9:56  Hydralisk x3  
  70  9:58  Zergling x4  
  80  10:08  Zerg Melee Weapons Level 1  
  80  10:21  Zergling x6  
  82  10:25  Overlord  
  55  11:00  Hydralisk x5  
  63  11:07  Queen  
  65  11:15  Extractor  
  65  11:16  Extractor  
  63  11:25  Zergling x6  
  64  11:26  Zergling x12  
  72  12:12  Drone x10  
  50  12:40  Spore Crawler x2  
  50  12:41  Zergling x2  
  50  12:42  Zergling x12  
  55  12:51  Drone x3  
  55  12:53  Drone x2  
  60  13:02  Spire  
  60  13:03  Zerg Ground Armor Level 1  
  59  13:20  Drone x2  
  59  13:21  Drone x2  
  63  13:32  Drone x2  
  63  13:33  Drone x8  
  71  13:46  Hatchery  
  67  13:48  Spore Crawler  
  67  13:50  Spore Crawler  
  67  13:55  Hatchery  
  62  13:58  Spore Crawler  
  55  14:03  Extractor x2  
  48  14:15  Spore Crawler  
  41  14:25  Overlord x3  
  41  14:26  Overlord  
  41  14:42  Overlord  
  41  14:43  Overlord  
  41  14:51  Corruptor  
  41  14:52  Corruptor x7  
  57  15:03  Infestation Pit  
  56  15:10  Zerg Melee Weapons Level 2  
  56  15:19  Drone x2  
  58  15:22  Queen  
  58  15:25  Queen  
  62  15:35  Zergling x2  
  63  15:36  Zergling x20  
  73  15:47  Queen  
  63  16:15  Zergling x6  
  63  16:16  Zergling x12  
  63  16:32  Hive  
  63  17:00  Overlord x3  
  63  17:01  Overlord  
  43  17:37  Queen  
  45  17:49  Zergling x2  
  45  17:50  Zergling x16  
  31  18:54  Mutalisk  
  31  18:55  Mutalisk x6  
  45  19:31  Hatchery  
  36  19:43  Spore Crawler  
Show
View Real Time Build Order
Export as new Build Order

Fropez Protoss - Winner!

Build Orders:  

Get SALT Encoding   

  12  0:01  Probe (Chrono Boost)  
  13  0:14  Pylon  
  13  0:18  Probe (Chrono Boost)  
  14  0:34  Gateway  
  14  0:35  Probe (Chrono Boost)  
  15  0:45  Probe (Chrono Boost)  
  15  0:46  Assimilator  
  16  0:56  Probe (Chrono Boost)  
  17  1:06  Probe (Chrono Boost)  
  17  1:07  Gateway  
  18  1:17  Probe (Chrono Boost)  
  19  1:18  Pylon  
  19  1:23  Cybernetics Core  
  19  1:28  Probe (Chrono Boost)  
  20  1:35  Pylon  
  20  1:38  Probe (Chrono Boost)  
  21  1:49  Probe (Chrono Boost), Assimilator  
  22  1:57  Pylon  
  22  1:59  Warp Gate (Chrono Boost)  
  22  2:04  Adept  
  22  2:08  Adept  
  26  2:12  Probe  
  27  2:31  Adept  
  27  2:35  Adept  
  31  3:05  Pylon  
  31  3:27  Gateway  
  31  3:29  Gateway  
  31  3:30  Probe  
  31  3:32  Nexus  
  32  3:38  Stargate  
  32  3:42  Probe  
  33  3:52  Twilight Council  
  33  3:54  Probe  
  34  4:07  Mothership Core  
  36  4:15  Pylon  
  36  4:28  Probe  
  35  4:32  Phoenix  
  37  4:38  Pylon  
  37  4:40  Probe  
  37  4:44  Resonating Glaives (Chrono Boost)  
  38  4:54  Phoenix, Probe  
  38  4:55  Probe  
  42  5:06  Adept x3  
  42  5:07  Adept  
  50  5:19  Probe  
  50  5:20  Probe  
  52  5:27  Gateway  
  52  5:28  Pylon  
  52  5:31  Probe  
  52  5:35  Assimilator  
  53  5:37  Assimilator  
  53  5:38  Phoenix  
  55  6:00  Phoenix  
  57  6:11  Probe x2  
  59  6:23  Probe  
  59  6:24  Forge  
  58  6:43  Phoenix  
  60  6:49  Protoss Air Weapons Level 1  
  60  6:57  Probe, Stargate  
  60  6:58  Probe, Fleet Beacon  
  60  7:40  Zealot  
  60  7:41  Zealot x4  
  63  8:07  Zealot x3  
  63  8:20  Phoenix  
  63  8:24  Phoenix  
  61  8:27  Anion Pulse-Crystals  
  57  8:42  Phoenix, Probe x2  
  61  8:49  Phoenix  
  61  8:52  Pylon, Gateway  
  61  8:53  Pylon  
  63  8:59  Charge (Chrono Boost)  
  63  9:02  Probe  
  64  9:03  Phoenix, Probe  
  64  9:07  Protoss Air Weapons Level 2  
  67  9:14  Phoenix  
  69  9:25  Phoenix  
  71  9:48  Pylon  
  71  9:51  Protoss Ground Weapons Level 1  
  69  9:54  Adept x2  
  69  9:55  Adept  
  75  10:01  Gateway  
  75  10:02  Phoenix, Mothership Core  
  75  10:03  Probe  
  75  10:05  Pylon x2, Phoenix  
  82  10:23  Phoenix  
  82  10:24  Probe x2  
  76  11:06  Probe x2  
  76  11:09  Phoenix  
  78  11:12  Phoenix  
  82  11:35  Phoenix  
  84  11:40  Nexus, Phoenix  
  84  11:43  Assimilator  
  84  11:45  Assimilator  
  84  11:46  Adept x4  
  94  11:48  Protoss Ground Weapons Level 2  
  94  11:49  Pylon  
  94  11:51  Pylon, Protoss Air Weapons Level 3  
  94  11:55  Pylon  
  94  12:10  Adept x4  
  94  12:11  Adept  
  86  12:38  Phoenix  
  86  12:41  Phoenix  
  90  12:59  Gateway  
  90  13:00  Gateway  
  90  13:03  Gateway  
  90  13:04  Photon Cannon  
  90  13:06  Photon Cannon  
  90  13:11  Gateway  
  84  14:17  Phoenix  
  84  14:21  Phoenix  
  88  14:26  Protoss Ground Weapons Level 3  
  88  14:28  Protoss Air Armor Level 1  
  88  14:32  Probe x2  
  88  14:33  Probe  
  91  14:39  Phoenix  
  91  14:43  Adept x6  
  91  14:44  Adept x3, Probe x3  
  113  14:46  Phoenix  
  116  15:01  Phoenix  
  118  15:11  Phoenix  
  120  15:23  Phoenix  
  122  15:36  Phoenix  
  124  16:01  Probe x2  
  124  16:02  Probe  
  109  16:18  Nexus  
  109  16:19  Assimilator  
  109  16:20  Pylon x2  
  109  16:21  Assimilator  
  109  16:22  Pylon  
  105  16:46  Phoenix  
  101  16:49  Phoenix  
  105  17:08  Phoenix  
  105  17:14  Phoenix  
  107  17:27  Zealot x3  
  107  17:28  Zealot x2  
  117  17:30  Zealot  
  117  17:31  Zealot x3  
  125  17:41  Gateway  
  125  17:44  Pylon  
  125  17:46  Probe  
  125  17:47  Probe  
  125  17:48  Probe x2  
  129  17:51  Phoenix  
  129  17:56  Phoenix  
  133  18:04  Protoss Shields Level 1  
  133  18:13  Phoenix  
  133  18:17  Zealot x6  
  133  18:18  Zealot x2  
  151  18:20  Probe  
  151  18:21  Phoenix  
  151  18:52  Zealot x4  
  151  18:53  Zealot x5  
  169  19:25  Zealot  
  169  19:26  Zealot x6  
  169  19:27  Zealot x3  
Tags
 
Matchup
PvZ
Opening
Pool First
Replay Pack
All Mines
Spawn Locations
Close Positions
Add a new tag
Caveats
  • Supply blocks, unpowered buildings, or Contaminate may cause inaccurate times.
  • Supply counts are checked every 10 seconds.